 Dungeon Crawl Stone Soup version 0.31.0-12-g77e489cdc1 (webtiles) character file.

Game seed: 17574791129666940611

194 Peloso the Covered (level 5, -1/47 HPs)
             Began as a Minotaur Fighter on Feb 16, 2024.
             Succumbed to a kobold's poison
             ... in a sewer.
             The game lasted 00:04:16 (2025 turns).

Peloso the Covered (Minotaur Fighter)               Turns: 2025, Time: 00:04:17

Health: -1/47      AC:  8    Str: 20    XL:     5   Next: 44%
Magic:  4/4        EV: 10    Int:  5    God:
Gold:   162        SH:  5    Dex: 12    Spells: 4/4 levels left

rFire   + . .        a - +0 long sword
rCold   + . .        c - +0 buckler
rNeg    . . .        b - +0 scale mail
rPois   +            (helmet restricted)
rElec   +            f - +0 cloak
rCorr   +            (no gloves)
SInv    .            (no boots)
Will    .....        n - amulet of the acrobat Stlth
                     (no ring)
HPRegen 0.27/turn    (no ring)
MPRegen 0.09/turn

%: acrobat
@: lethally poisoned (-1 -> -10), resistant
A: horns 2, retaliatory headbutt
a: no special abilities


You were in a sewer.
You visited 1 branch of the dungeon, and saw 3 of its levels.
You also visited: Sewer.

You collected 162 gold pieces.

Inventory:

Hand Weapons
 a - a +0 long sword (weapon)
Armour
 b - a +0 scale mail (worn)
 c - a +0 buckler (worn)
 f - a +0 cloak (worn)
Jewellery
 n - an amulet of the acrobat (around neck)
Scrolls
 e - a scroll of fog {unknown}
 g - a scroll of revelation {unknown}
 h - 3 scrolls of teleportation {unknown}
 i - a scroll of vulnerability {unknown}
 l - a scroll of enchant armour {unknown}
 m - 2 scrolls of immolation {unknown}
 o - a scroll of brand weapon {unknown}
 p - a scroll of fear {unknown}
Potions
 d - 2 potions of might


   Skills:
 + Level 4.4 Fighting
 + Level 4.7 Long Blades
 + Level 4.8 Armour
 + Level 1.6 Dodging
 + Level 4.2 Shields


You had 4 spell levels left.
You didn't know any spells.
Your spell library contained the following spells:

 Spells                   Type           Power      Damage    Failure   Level
 Necrotise                Necr           0%         1d4       87%         1
 Tukima's Dance           Hex            0%         N/A       99%         3
 Vampiric Draining        Necr           0%         2d6       99%         3
 Martyr's Knell           Necr/Summ      0%         N/A       100%        4
 Passage of Golubria      Tloc           0%         N/A       100%        4
 Curse of Agony           Necr           0%         N/A       100%        5
 Yara's Violent Unravell  Hex/Alch       0%         3d3       100%        5


Dungeon Overview and Level Annotations

Branches:
Dungeon (3/15)              Sewer (1/1)

Altars:
Xom


Innate Abilities, Weirdness & Mutations

You have a pair of horns on your head.
You reflexively headbutt those who attack you in melee.


Message History

You closely miss the kobold brigand. You headbutt the kobold brigand.
The kobold brigand is heavily wounded.
You feel very sick.
The kobold brigand hits you with a +0 club.
You closely miss the kobold brigand.
Your headbutt misses the kobold brigand.
The kobold brigand is heavily wounded.
You feel sick. The kobold brigand barely misses you.
The kobold hits you with a +2 short sword of venom.
You are more poisoned.
You hit the kobold brigand.
The kobold brigand is severely wounded.
You feel very sick. You block the kobold brigand's attack.
The kobold hits you but does no damage.
You are more poisoned.
The kobold brigand misses you.
Unknown command.
You barely miss the kobold brigand.
The kobold brigand is severely wounded.
You feel very sick. You block the kobold's attack.
You block the kobold brigand's attack.
Unknown command.
You hit the kobold brigand but do no damage.
Your headbutt misses the kobold brigand.
The kobold brigand is severely wounded.
* * * LOW HITPOINT WARNING * * *
You feel very sick. You block the kobold's attack.
The kobold brigand closely misses you. You furiously retaliate!
You headbutt the kobold brigand!
You hit the kobold brigand but do no damage.
The kobold brigand is almost dead.
* * * LOW HITPOINT WARNING * * *
You feel very sick. The kobold misses you. You furiously retaliate!
You headbutt the kobold!
You kill the kobold!
The kobold brigand hits you with a +0 club!
* * * LOW HITPOINT WARNING * * *
It was a potion of resistance.
You feel protected.
You die...

### #### ###.####..#
#####......†...
###..............
#...........P....
#######...P............
#!...#@................
#.?..)K~~...P~~.......~
#!∩..'~~....~~~~~~...~~
#....#~~~.~~~~~~~P..P~~
##############~#######~
~~~ ~~~ ≈≈ ≈≈≈


You could see a kobold brigand.

Vanquished Creatures
  A kobold brigand (Sewer)
  A gnoll (D:2)
  A river rat (D:3)
  2 adders (D:2)
  A white imp (D:3)
  3 ribbon worms (D:2)
  8 endoplasms
  A giant cockroach (D:3)
  7 goblins
  9 hobgoblins
  5 jackals (D:2)
  10 kobolds
  3 quokkas (D:1)
  5 ball pythons
  2 bats
  6 frilled lizards
  6 rats
71 creatures vanquished.

Notes
Turn   | Place    | Note
-------+----------+-------------------------------------------
     0 | D:1      | Peloso the Minotaur Fighter began the quest for the Orb.
     0 | D:1      | Reached XP level 1. HP: 19/19 MP: 0/0
   136 | D:1      | Reached XP level 2. HP: 27/27 MP: 1/1
   514 | D:1      | You fall into a shaft and drop 1 floor!
   535 | D:2      | Reached XP level 3. HP: 33/33 MP: 2/2
   604 | D:2      | Reached skill level 1 in Dodging
   682 | D:2      | Found a shimmering altar of Xom.
   963 | D:2      | Reached XP level 4. HP: 40/40 MP: 3/3
  1693 | D:3      | Found a glowing drain.
  1803 | Sewer    | Entered a sewer
  1898 | Sewer    | Noticed a kobold brigand
  1919 | Sewer    | Killed a kobold brigand
  1920 | Sewer    | Reached XP level 5. HP: 39/47 MP: 4/4
  2024 | Sewer    | HP: 2/47 [kobold brigand/+0 club (8)]
  2025 | Sewer    | Succumbed to a kobold's poison

Illustrated notes

Levels and vault maps discovered:
D:1:      dpeg_arrival_court, layout_basic, minmay_misc_feat_rows, minmay_vboxes
D:2:      cheibrodos_greedy_goblins, layout_basic, basic_altar,
          cheibrodos_gnoll_hut
D:3:      layout_loops_ring, nicolae_overflow_crystal_walls,
          mainiacjoe_sewer_entry_somewhere_in_here_1, serial_shops,
          nicolae_shop_crystal
Sewer:    kennysheep_pipe_town

Skill      XL: |  1  2  3  4 |
---------------+-------------+-----
Armour         | 4 |  4.8
Fighting       | 4 |  4.4
Long Blades    | 3 4 |  4.7
Shields        | 4 |  4.2
Dodging        | 1 |  1.6

Action                     |  1- 3 |  4- 6 || total
---------------------------+-------+-------++-------
  Melee: Long sword        |    96 |    83 ||   179
         Headbutt          |    13 |    11 ||    24
    Use: Potion            |     5 |     2 ||     7
 Armour: Scale mail        |    75 |    72 ||   147
  Dodge: Dodged            |    50 |    56 ||   106
  Block: Buckler           |    30 |    22 ||    52
